 Dungeon Crawl Stone Soup version 0.28-a0-69-g49dcd67cf8 (webtiles) character file.

Game seed: 1763914888275627404

112 horus123 the Skirmisher (level 4, -7/37 HPs)
             Began as a Demonspawn Abyssal Knight on July 31, 2021.
             Was a Believer of Lugonu.
             Mangled by an iguana (10 damage)
             ... on level 4 of the Dungeon.
             The game lasted 00:08:30 (2937 turns).

horus123 the Skirmisher (Demonspawn Abyssal Knight) Turns: 2937, Time: 00:08:31

Health: -7/37      AC:  8    Str: 13    XL:     4   Next: 64%
Magic:  4/5        EV: 15    Int: 14    God:    Lugonu [**....]
Gold:   96         SH:  0    Dex: 12    Spells: 3/3 levels left

rFire   . . .      SeeInvis .   a - +2 falchion
rCold   . . .      Faith    .   (no shield)
rNeg    . . .      Spirit   .   c - +0 ring mail
rPois   .          Reflect  .   d - +1 helmet
rElec   .          Harm     .   (no cloak)
rCorr   .          Rampage  .   e - +0 pair of gloves
Will    .....                   (no boots)
Stlth   +.........              (no amulet)
HPRegen 0.12/turn               (no ring)
MPRegen 0.09/turn               (no ring)

@: agile, lethally poisoned (-7 -> -20), about to teleport, slowed, very slow
A: powered by pain 1
a: Renounce Religion, Depart the Abyss, Bend Space


You were on level 4 of the Dungeon.
You worshipped Lugonu.
Lugonu was pleased with you.
You visited 1 branch of the dungeon, and saw 4 of its levels.
You visited the Abyss 1 time.

You collected 96 gold pieces.

Inventory:

Hand Weapons
 a - a +2 falchion (weapon)
Armour
 c - a +0 ring mail (worn)
 d - a +1 helmet (worn)
 e - a +0 pair of gloves (worn)
Jewellery
 g - a ring of ice
Scrolls
 h - 2 scrolls of torment
 i - a scroll of immolation {unknown}
 j - a scroll of silence {unknown}
 n - a scroll of fear {unknown}
 p - a scroll of identify {unknown}
 q - 3 scrolls of blinking {unknown}
Potions
 b - a potion of ambrosia {unknown}
 f - a potion of haste {unknown}
 k - a potion of might {unknown}
 m - 2 potions of curing {unknown}
 o - a potion of heal wounds {unknown}


   Skills:
 + Level 3.7 Fighting
 + Level 3.0 Long Blades
 + Level 3.0 Armour
 + Level 1.0 Dodging
 + Level 0.1 Stealth
 + Level 2.4 Invocations


You had 3 spell levels left.
You didn't know any spells.
Your spell library contained the following spells:

 Spells                   Type           Power      Damage    Failure   Level
 Summon Guardian Golem    Hex/Summ       0%         N/A       87%         3
 Orb of Destruction       Conj           0%         N/A       100%        7
 Spellforged Servitor     Conj/Summ      0%         N/A       100%        7


Dungeon Overview and Level Annotations

Branches:
Dungeon (4/15)
 Temple: D:4-7

Altars:

Annotations:
D:2 Sigmund


Innate Abilities, Weirdness & Mutations

You sometimes gain a little power by taking damage.


Message History

Space bends around you!
You blink.
A kobold comes into view.
It is wielding a +2 dagger of venom and quivering poisoned darts.
The kobold brigand throws a curare-tipped dart.
The curare-tipped dart barely misses you.
The kobold throws a poisoned dart.
The poisoned dart hits you!
You are poisoned.
You hit the goblin.
You kill the goblin!
Lugonu accepts your kill.
You feel very sick.
You feel sick.
Found 11 arrows.
You feel sick.
You barely miss the kobold.
You feel sick.
The iguana hisses menacingly.
The kobold hits you with a +2 dagger of venom.
You are more poisoned.
You hit the kobold.
You kill the kobold!
Lugonu accepts your kill.
You feel very sick. The iguana barely misses you.
You riposte.
You hit the iguana but do no damage.
You feel sick.
The kobold brigand throws a curare-tipped dart.
The curare-tipped dart hits you.
You are lethally poisoned!
You have difficulty breathing.
You feel yourself slow down.
Things that are here:
a +2 dagger of venom; 6 poisoned darts; a kobold corpse
As you read the scroll of teleportation, it crumbles to dust.
You feel strangely unstable.
* * * LOW HITPOINT WARNING * * *
You focus on the pain.
You feel agile all of a sudden.
You feel extremely sick. The iguana misses you.
The kobold brigand barely misses you.
* * * LOW HITPOINT WARNING * * *
You feel very sick. The iguana bites you!
You die...

#. #+ #.##. ..#.
#.#.## ###. #....#
..... #.#.# .....
#.(@#......
##.l#...... #. #.KO#
###.####..#
#.........##
#......)...#
#..........##
#...........####.##.
#..$......<........#


You could see a kobold brigand, an ogre and an iguana.

Vanquished Creatures
  Robin (D:2)
  3 adders
  2 dart slugs
  3 orcs (D:3)
  3 ball pythons
  4 endoplasms
  2 giant cockroaches (D:1)
  14 goblins
  7 hobgoblins
  2 jackals (D:3)
  3 quokkas
  4 bats
  2 frilled lizards (D:1)
  5 kobolds
  7 rats
62 creatures vanquished.

Notes
Turn   | Place    | Note
-------+----------+-------------------------------------------
     0 | Abyss:1  | horus123 the Demonspawn Abyssal Knight began the quest for
                  | the Orb.
     0 | Abyss:1  | Reached XP level 1. HP: 18/18 MP: 2/2
    23 | Abyss:1  | Found a corrupted altar of Lugonu.
    84 | Abyss:1  | Noticed a large abomination
    85 | D:1      | Escaped the Abyss
   288 | D:1      | Found a faded altar of an unknown god.
   365 | D:1      | Gained mutation: You sometimes gain a little power by
                  | taking damage. [demonic ancestry]
   365 | D:1      | Reached XP level 2. HP: 24/24 MP: 3/3
   503 | D:1      | Reached * piety under Lugonu
  1405 | D:2      | Reached XP level 3. HP: 10/29 MP: 4/4
  1917 | D:2      | Noticed Robin
  1932 | D:2      | Killed Robin
  1933 | D:2      | Reached XP level 4. HP: 9/35 MP: 5/5
  1959 | D:2      | Reached skill level 1 in Dodging
  2239 | D:2      | Noticed Sigmund
  2317 | D:3      | Reached ** piety under Lugonu
  2923 | D:4      | Noticed a kobold brigand
  2924 | D:4      | Noticed an ogre
  2937 | D:4      | Mangled by an iguana

Illustrated notes

Levels and vault maps discovered:
D:1:      dpeg_arrival_rooms_with_view, layout_basic,
          hellmonk_ecumenical_altar_inner_sanctum
D:2:      layout_basic, uniq_robin, uniq_sigmund
D:3:      layout_rooms, chequers_decorated_corner
D:4:      layout_basic, minmay_temple_entry_gardened_gates

Skill      XL: |  1  2  3  4 |
---------------+-------------+-----
Long Blades    | 2 3 |  3.0
Armour         | 2 3 |  3.0
Dodging        | 1 |  1.0
Fighting       | |  3.7
Stealth        | |  0.1
Invocations    | |  2.4

Action                   |  1- 3 |  4- 6 || total
-------------------------+-------+-------++-------
Melee: Falchion          |    94 |    55 ||   149
Invok: Depart the Abyss  |     1 |       ||     1
       Bend Space        |       |     2 ||     2
  Use: Scroll            |     4 |     2 ||     6
Armor: Ring mail         |    49 |    28 ||    77
Dodge: Dodged            |    62 |    40 ||   102
       Rpst.: Falchion   |    14 |    18 ||    32

Table legend: (Time is in decaauts)
 A = Elapsed time spent in this place.
 B = Non-inter-level travel time spent in this place.
 C = Inter-level travel time spent in this place.
 D = Time resting spent in this place.
 E = Time spent auto-exploring this place.
 F = Levels seen in this place.
 G = Mean time per level.
                   A        B        C        D        E       F      G
               +--------+--------+--------+--------+--------+-----+--------+
         Total |   2962 |   2885 |     77 |    491 |   1651 |   5 |  592.4 |
       Dungeon |   2877 |   2800 |     77 |    491 |   1575 |   4 |  719.2 |
         Abyss |     85 |     85 |      0 |      0 |     76 |   1 |   85.0 |
               +--------+--------+--------+--------+--------+-----+--------+

Top non-repeatable levels by time:
     D:1: 1244 daAuts
     D:2: 996 daAuts
     D:3: 621 daAuts
 Abyss:1: 85 daAuts
     D:4: 14 daAuts
